Workbook

Sheet Budget_analytique
B2: NE REMPLIR QUE LES CELLULES BLANCHES
B4: Budget Prévisionnel | G4: Budget Réalisé
B5: 2027 | G5: =IF(B5="","",B5) -> 2027
B6: Nom du porteur | G6: Nom du porteur | H6: =IF(C6="","",C6)
B7: Nom de l’action | G7: Nom de l’action | H7: =IF(C7="","",C7)
B8: Nombre de session | D8: Nombre de séance par session | G8: Nombre de session | H8: 1 | I8: Nombre de séance par session | J8: 1
B9: Nombre d’heure par séance | D9: Total d’heures pour l’action | E9: =E8*C9*C8 -> 0 | G9: Nombre d’heure par séance | H9: 1 | I9: Total d’heures pour l’action | J9: =J8*H9*H8 -> 1
B10: Montant de la demande initiale | G10: Montant de la demande initiale | H10: =C10 -> 0
B12: Budget intervenant·e·s | G12: Budget intervenant·e·s
B13: Détailler la nature des dépenses prévisionnelles | C13: Ressources externes | D13: Ressources externes | E13: Ressources externes | G13: Détailler la nature des dépenses prévisionnelles | H13: Ressources externes | I13: Ressources externes | J13: Ressources externes
B14: Nom et fonction de l’intervenant | G14: Nom et fonction de l’intervenant
B15: Nombre d’intervenant·e·s | G15: Nombre d’intervenant·e·s
B16: Nombre d’heures/intervenant·e·s | G16: Nombre d’heures/intervenant·e·s
B17: Coût horaire/ intervenant·e | G17: Coût horaire/ intervenant·e
B18: Total par ressources intervenant·e | C18: =C15*C16*C17 -> 0 | D18: =D15*D16*D17 -> 0 | E18: =E15*E16*E17 -> 0 | G18: Total par ressources intervenant·e | H18: =H15*H16*H17 -> 0 | I18: =I15*I16*I17 -> 0 | J18: =J15*J16*J17 -> 0
B19: Détailler la nature des dépenses prévisionnelles | C19: Ressources externes | D19: Ressources externes | E19: Ressources externes | G19: Détailler la nature des dépenses prévisionnelles | H19: Ressources externes | I19: Ressources externes | J19: Ressources externes
B20: Nom et fonction de l’intervenant | G20: Nom et fonction de l’intervenant
B21: Nombre d’intervenant·e·s | G21: Nombre d’intervenant·e·s
B22: Nombre d’heures/intervenant·e·s | F22: Ventilation Budget intervenant·e·s | G22: Nombre d’heures/intervenant·e·s | K22: Ventilation Budget intervenant·e·s
B23: Coût horaire/ intervenant·e | F23: Ressources externes | G23: Coût horaire/ intervenant·e | K23: Ressources externes
B24: Total par ressources intervenant·e | C24: =C21*C22*C23 -> 0 | D24: =D21*D22*D23 -> 0 | E24: =E21*E22*E23 -> 0 | F24: =SUMIF(C13:E13,liste_déroulante!D2,C18:E18)+SUMIF(C19:E19,liste_déroulante!D2,C24:E24) -> 0 | G24: Total par ressources intervenant·e | H24: =H21*H22*H23 -> 0 | I24: =I21*I22*I23 -> 0 | J24: =J21*J22*J23 -> 0 | K24: =SUMIF(H13:J13,liste_déroulante!D2,H18:J18)+SUMIF(H19:J19,liste_déroulante!D2,H24:J24) -> 0
B25: Total dépenses intervenants et bénévoles | C25: =F24+F26 -> 0 | E25: =SUMIF(C13:E13,liste_déroulante!D3,C18:E18)+SUMIF(C19:E19,liste_déroulante!D3,C24:E24) -> 0 | F25: Ressources internes | G25: Total dépenses intervenants et bénévoles | H25: =K24+K26 -> 0 | J25: =SUMIF(H13:J13,liste_déroulante!D3,H18:J18)+SUMIF(H19:J19,liste_déroulante!D3,H24:J24) -> 0 | K25: Ressources internes
B26: Total dépenses | C26: =C25+E25 -> 0 | F26: =SUMIF(C13:E13,liste_déroulante!D1,C18:E18)+SUMIF(C19:E19,liste_déroulante!D1,C24:E24) -> 0 | G26: Total dépenses | H26: =H25+J25 -> 0 | K26: =SUMIF(H13:J13,liste_déroulante!D1,H18:J18)+SUMIF(H19:J19,liste_déroulante!D1,H24:J24) -> 0
B27: COFINANCEMENT | E27: =E25 -> 0 | F27: bénévoles | G27: COFINANCEMENT | J27: =J25 -> 0 | K27: bénévoles
B28: Part de financement CFPPA | C28: =C26-C27-E27 -> 0 | F28: =SUMIF(C13:E13,liste_déroulante!D3,C18:E18)+SUMIF(C19:E19,liste_déroulante!D3,C24:E24) -> 0 | G28: Part de financement CFPPA | H28: =H26-H27-J27 -> 0 | K28: =SUMIF(H13:J13,liste_déroulante!D3,H18:J18)+SUMIF(H19:J19,liste_déroulante!D3,H24:J24) -> 0
B29: Budget déplacement Intervenant | G29: Budget déplacement Intervenant
B30: Détailler la nature des dépenses prévisionnelles | C30: Ressources externes | D30: Ressources externes | E30: Ressources externes | G30: Détailler la nature des dépenses prévisionnelles | H30: Ressources externes | I30: Ressources externes | J30: Ressources externes
B31: Nom et fonction de l’intervenant | G31: Nom et fonction de l’intervenant
B32: Nombre de kilomètres / séance (détailler si nécessaire par lieu d’intervention) | G32: Nombre de kilomètres / séance (détailler si nécessaire par lieu d’intervention)
B33: Coût du kilomètre (ajustement) | G33: Coût du kilomètre (ajustement)
B34: Coût des repas | G34: repas
B35: Frais d’autoroute | G35: Frais d’autoroute
B36: Total frais de déplacements | C36: =C32*C33+C34+C35 -> 0 | D36: =D32*D33+D34+D35 -> 0 | E36: =E32*E33+E34+E35 -> 0 | G36: Total frais de déplacements | H36: =H32*H33+H34+H35 -> 0 | I36: =I32*I33+I34+I35 -> 0 | J36: =J32*J33+J34+J35 -> 0
B37: Détailler la nature des dépenses prévisionnelles | C37: Ressources externes | D37: Ressources externes | E37: Ressources externes | G37: Détailler la nature des dépenses prévisionnelles | H37: Ressources externes | I37: Ressources externes | J37: Ressources externes
B38: Nom et fonction de l’intervenant | G38: Nom et fonction de l’intervenant
B39: Nombre de kilomètres / séance (détailler si nécessaire par lieu d’intervention) | G39: Nombre de kilomètres / séance (détailler si nécessaire par lieu d’intervention)
B40: Coût du kilomètre (ajustement) | F40: Ventilation Budget déplacement Intervenant | G40: Coût du kilomètre (ajustement) | K40: Ventilation Budget déplacement Intervenant
B41: repas | F41: Ressources externes | G41: repas | K41: Ressources externes
B42: Frais d’autoroute | F42: =SUMIF(C30:E30,liste_déroulante!D2,C36:E36)+SUMIF(C37:E37,liste_déroulante!D2,C43:E43) -> 0 | G42: Frais d’autoroute | K42: =SUMIF(H30:J30,liste_déroulante!D2,H36:J36)+SUMIF(H37:J37,liste_déroulante!D2,H43:J43) -> 0
B43: Total frais de déplacements | C43: =C39*C40+C41+C42 -> 0 | D43: =D39*D40+D41+D42 -> 0 | E43: =E39*E40+E41+E42 -> 0 | F43: Ressources internes | G43: Total frais de déplacements | H43: =H39*H40+H41+H42 -> 0 | I43: =I39*I40+I41+I42 -> 0 | J43: =J39*J40+J41+J42 -> 0 | K43: Ressources internes
B44: Total dépenses frais de déplacement intervenants dont bénévolat | C44: =C36+D36+E36+C43+D43+E43 -> 0 | F44: =SUMIF(C30:E30,liste_déroulante!D1,C36:E36)+SUMIF(C37:E37,liste_déroulante!D1,C43:E43) -> 0 | G44: Total dépenses frais de déplacement intervenants dont bénévolat | H44: =H36+I36+J36+H43+I43+J43 -> 0 | K44: =SUMIF(H30:J30,liste_déroulante!D1,H36:J36)+SUMIF(H37:J37,liste_déroulante!D1,H43:J43) -> 0
B45: COFINANCEMENT | E45: =F46 -> 0 | F45: bénévoles | G45: COFINANCEMENT | J45: =K46 -> 0 | K45: bénévoles
B46: Part de financement CFPPA | C46: =C44-C45-E45 -> 0 | F46: =SUMIF(C30:E30,liste_déroulante!D3,C36:E36)+SUMIF(C37:E37,liste_déroulante!D3,C43:E43) -> 0 | G46: Part de financement CFPPA | H46: =H44-H45-J45 -> 0 | K46: =SUMIF(H30:J30,liste_déroulante!D3,H36:J36)+SUMIF(H37:J37,liste_déroulante!D3,H43:J43) -> 0
B47: Budget frais annexes | G47: Budget frais annexes
B48: Détailler la nature des dépenses prévisionnelles | C48: Ressources externes | D48: Ressources externes | E48: Ressources externes | G48: Détailler la nature des dépenses prévisionnelles | H48: Ressources externes | I48: Ressources externes | J48: Ressources externes
B49: Location de salle à titre gratuit | G49: Location de salle à titre gratuit
B50: Prestation de service | G50: Prestation de service
F55: Ventilation Budget frais annexes | K55: Ventilation Budget frais annexes
F56: Ressources externes | K56: Ressources externes
F57: =SUMIF(C48:E48,liste_déroulante!D2,C58:E58) -> 0 | K57: =SUMIF(H48:J48,liste_déroulante!D2,H58:J58) -> 0
B58: Total frais annexes | C58: =SUM(C49:C57) -> 0 | D58: =SUM(D49:D57) -> 0 | E58: =SUM(E49:E57) -> 0 | F58: Ressources internes | G58: Total frais annexes | H58: =SUM(H49:H57) -> 0 | I58: =SUM(I49:I57) -> 0 | J58: =SUM(J49:J57) -> 0 | K58: Ressources internes
B59: Total des dépenses annexes | C59: =C58+D58+E58 -> 0 | F59: =SUMIF(C48:E48,liste_déroulante!D1,C58:E58) -> 0 | G59: Total des dépenses annexes | H59: =H58+I58+J58 -> 0 | K59: =SUMIF(H48:J48,liste_déroulante!D1,H58:J58) -> 0
B60: COFINANCEMENT | E60: =F61 -> 0 | F60: bénévoles | G60: COFINANCEMENT | J60: =K61 -> 0 | K60: bénévoles
B61: Part de financement CFPPA | C61: =C59-C60-E60 -> 0 | F61: =SUMIF(C48:E48,liste_déroulante!D3,C58:E58)-E49 -> 0 | G61: Part de financement CFPPA | H61: =H59-H60-J60 -> 0 | K61: =SUMIF(H48:J48,liste_déroulante!D3,H58:J58)-J49 -> 0
B62: Budget frais de communication | G62: Budget frais de communication
B63: Détailler la nature des dépenses prévisionnelles | C63: Ressources externes | D63: Ressources externes | E63: Ressources externes | G63: Détailler la nature des dépenses prévisionnelles | H63: Ressources externes | I63: Ressources externes | J63: Ressources externes
F71: Ventilation Budget frais de communication | K71: Ventilation Budget frais de communication
F72: Ressources externes | K72: Ressources externes
F73: =SUMIF(C63:E63,liste_déroulante!D2,C74:E74) -> 0 | K73: =SUMIF(H63:J63,liste_déroulante!D2,H74:J74) -> 0
B74: Total frais de communication | C74: =SUM(C64:C73) -> 0 | D74: =SUM(D64:D73) -> 0 | E74: =SUM(E64:E73) -> 0 | F74: Ressources internes | G74: Total frais de communication | H74: =SUM(H64:H73) -> 0 | I74: =SUM(I64:I73) -> 0 | J74: =SUM(J64:J73) -> 0 | K74: Ressources internes
B75: Total des dépenses frais de communication | C75: =SUM(C74:E74) -> 0 | F75: =SUMIF(C63:E63,liste_déroulante!D1,C74:E74) -> 0 | G75: Total des dépenses frais de communication | H75: =SUM(H74:J74) -> 0 | K75: =SUMIF(H63:J63,liste_déroulante!D1,H74:J74) -> 0
B76: COFINANCEMENT | E76: =F77 -> 0 | F76: bénévoles | G76: COFINANCEMENT | J76: =K77 -> 0 | K76: bénévoles
B77: Part de financement CFPPA | C77: =C75-C76-E76 -> 0 | F77: =SUMIF(C63:E63,liste_déroulante!D3,C74:E74) -> 0 | G77: Part de financement CFPPA | H77: =H75-H76-J76 -> 0 | K77: =SUMIF(H63:J63,liste_déroulante!D3,H74:J74) -> 0
B78: Budget frais des charges fixes (autofinancement) non éligible | G78: Budget frais des charges fixes (autofinancement) non éligible
B79: Détailler la nature des dépenses prévisionnelles | C79: Ressources externes | D79: Ressources externes | E79: Ressources externes | G79: Détailler la nature des dépenses prévisionnelles | H79: Ressources externes | I79: Ressources externes | J79: Ressources externes
B88: Total frais des charges fixes | C88: =SUM(C80:C87) -> 0 | D88: =SUM(D80:D87) -> 0 | E88: =SUM(E80:E87) -> 0 | G88: Total frais des charges fixes | H88: =SUM(H80:H87) -> 0 | I88: =SUM(I80:I87) -> 0 | J88: =SUM(J80:J87) -> 0
B89: Total des dépenses frais des charges fixes | C89: =SUM(C88:E88) -> 0 | G89: Total des dépenses frais des charges fixes | H89: =SUM(H88:J88) -> 0
B90: Auto FINANCEMENT ou cofinancement | C90: =C89 -> 0 | G90: Auto FINANCEMENT ou cofinancement | H90: =H89 -> 0
B91: Part de financement CFPPA | C91: 0 | G91: Part de financement CFPPA | H91: =H89-H90 -> 0
B92: Budget frais DE COORDINATION | G92: Budget frais DE COORDINATION
A93: type de ressource | B93: Détailler la nature des dépenses prévisionnelles | C93: coût horaire | D93: Nombre d’heure | E93: TOTAL | G93: Détailler la nature des dépenses prévisionnelles | H93: coût horaire | I93: Nombre d’heure | J93: TOTAL | K93: type de ressource
A94: Ressources externes | E94: =C94*D94 -> 0 | J94: =H94*I94 -> 0 | K94: Ressources externes
A95: Ressources internes | E95: =C95*D95 -> 0 | F95: Ventilation Budget frais de coordination | J95: =H95*I95 -> 0 | K95: Ressources internes | L95: Ventilation Budget frais de coordination
A96: Bénévole | E96: =C96*D96 -> 0 | F96: Ressources externes | J96: =H96*I96 -> 0 | K96: Bénévole | L96: Ressources externes
A97: Ressources internes | E97: =C97*D97 -> 0 | F97: =SUMIF(A94:A103,liste_déroulante!D2,E94:E103) -> 0 | J97: =H97*I97 -> 0 | K97: Ressources internes | L97: =SUMIF(K94:K103,liste_déroulante!D2,J94:J103) -> 0
A98: Ressources internes | E98: =C98*D98 -> 0 | F98: Ressources internes | J98: =H98*I98 -> 0 | K98: Ressources internes | L98: Ressources internes
A99: Ressources internes | E99: =C99*D99 -> 0 | F99: =SUMIF(A94:A103,liste_déroulante!D1,E94:E103) -> 0 | J99: =H99*I99 -> 0 | K99: Ressources internes | L99: =SUMIF(K94:K103,liste_déroulante!D1,J94:J103) -> 0
A100: Ressources internes | E100: =C100*D100 -> 0 | F100: bénévoles | J100: =H100*I100 -> 0 | K100: Ressources internes | L100: bénévoles
A101: Ressources internes | E101: =C101*D101 -> 0 | F101: =SUMIF(A94:A103,liste_déroulante!D3,E94:E103) -> 0 | J101: =H101*I101 -> 0 | K101: Ressources internes | L101: =SUMIF(K94:K103,liste_déroulante!D3,J94:J103) -> 0
A102: Ressources internes | E102: =C102*D102 -> 0 | J102: =H102*I102 -> 0 | K102: Ressources internes
A103: Ressources internes | E103: =C103*D103 -> 0 | J103: =H103*I103 -> 0 | K103: Ressources internes
B104: Total frais de coordination | C104: =AVERAGE(C94:C103) -> #DIV/0! | D104: =SUM(D94:D103) -> 0 | E104: =SUM(E94:E103) -> 0 | G104: Total frais de coordination | H104: =AVERAGE(H94:H103) -> #DIV/0! | I104: =SUM(I94:I103) -> 0 | J104: =SUM(J94:J103) -> 0
B105: Total des dépenses coordination | C105: =SUM(E94:E103) -> 0 | G105: Total des dépenses coordination | H105: =SUM(J94:J103) -> 0
B106: COFINANCEMENT | C106: =IF(C105>F107,C105-F107,0) -> 0 | F106: financement max de 30 % | G106: COFINANCEMENT | H106: =IF(H105>K107,H105-K107,0) -> 0 | K106: financement max de 30 %
B107: Part de financement CFPPA | C107: =IF(C105-C106>F107,F107,C105-C106) -> 0 | F107: =(C25+C44+C59+C75+C89)*0.3 -> 0 | G107: Part de financement CFPPA | H107: =IF(H105-H106>K107,K107,H105-H106) -> 0 | K107: =(H25+H44+H59+H75+H89)*0.3 -> 0
B109: COUT TOTAL de l’action | C109: =C26+C44+C59+C75+C89+C105 -> 0 | F109: Taux de cofinancement | G109: COUT TOTAL de l’action | H109: =H26+H44+H59+H75+H89+H105 -> 0 | K109: Taux de cofinancement
B110: COFINANCEMENT | C110: =C27+E27+C45+E45+C60+E60+C76+E76+C90+C106 -> 0 | F110: =IF(C110=0,"0,00%",C110/C109) -> 0,00% | G110: COFINANCEMENT | H110: =H27+J27+H45+J45+H60+J60+H76+J76+H90+H106 -> 0 | K110: =IF(H110=0,"0,00%",H110/H109) -> 0,00%
B111: Coût Coordination | C111: =C105 -> 0 | F111: Taux de coordination | G111: Coût Coordination | H111: =H105 -> 0 | K111: Taux de coordination
B112: Coût action (total – coordination) | C112: =C109-C111 -> 0 | F112: =IF(C109=0,"",C111/C109) | G112: Coût action (total – coordination) | H112: =H109-H111 -> 0 | K112: =IF(C109=0,"",H111/H109)
B113: Part de financement CFPPA | C113: =IF(C10<F113,C10,F113) -> 0 | F113: =C28+C46+C61+C77+C107 -> 0 | G113: Part de financement CFPPA | H113: =IF(H10<K113,H10,K113) -> 0 | K113: =H28+H46+H61+H77+H107 -> 0
B114: Montant de la demande initiale | C114: =C10 -> 0 | F114: Taux de financement de l’action par la CFPPA | G114: Montant réalisé | H114: =H10 -> 0 | K114: Taux de financement de l’action par la CFPPA
B115: Part de financement CFPPA : | C115: =IF(IF(C113>C10,ROUNDDOWN(C114,0),ROUNDUP(C113,0))>C113,ROUNDDOWN(C113,0),IF(C113>C10,ROUNDDOWN(C114,0),ROUNDUP(C113,0))) -> 0 | F115: =IF(C115=0,"",C115/C109) | G115: Part de financement CFPPA : | H115: =IF(IF(H113>H10,ROUNDDOWN(H114,0),ROUNDUP(H113,0))>H113,ROUNDDOWN(H113,0),IF(H113>H10,ROUNDDOWN(H114,0),ROUNDUP(H113,0))) -> 0 | K115: =IF(H115=0,"",H115/H109)
E117: montant du COFINANCEMENT à ventiler :
E118: =C110 -> 0 | F118: =H110 -> 0
E119: recettes prévisionnelles | F119: recettes réalisées
C120: 70. Vente de marchandises, Produits finis,prestations service | E120: =SUM(E121) -> 0 | F120: =SUM(F121) -> 0 | H120: Coût par séance (basé sur le coût total de l’action) | J120: coût au titre de la CFPPA
C121: Autofinancement porteur | H121: demande initiale | I121: =IF($C$10="","",($C$109/$E$8)/$C$8) | J121: =IF($C$10="","",($C$115/$E$8)/$C$8)
C122: 74. Subventions d'exploitation | E122: =SUM(E123:E133) -> 0 | F122: =SUM(F123:F133) -> 0 | H122: réalisé | I122: =IF($H$10="","",(($H$109/$J$8)/$H$8)) | J122: =IF($H$10="","",(($H$115/$J$8)/$H$8))
C123: État : préciser le(s) ministère(s)
C124: Région (s):
...

Sheet CERFA
B1: ASSOCIATIONS DEMANDE DE SUBVENTION(S) Formulaire unique N°12156*06 Loi n° 2000-321 du 12 avril 2000 relative aux droits des citoyens dans leurs relations avec les administrations art. 9-1, 10 et 10-1 Décret n° 2016-1971 du 28 décembre 2016 BUDGET DU PROJET
B2: Exercice : | C2: =Budget_analytique!B5 -> 2027
B3: CHARGES | C3: Prévision | D3: Réalisation | E3: % | F3: PRODUITS | G3: Prévision | H3: Réalisation | I3: %
B4: Charges directes affectées à l'action | F4: Ressources directes affectées l'action
B5: 60.Achat | C5: =SUM(C6:C8) -> 0 | D5: =SUM(D6:D8) -> 0 | E5: =IF(OR(D5="",C5=0),"",D5/C5) | F5: 70. Vente de marchandises, Produits finis,prestations service | G5: =SUM(G6) -> 0 | H5: =SUM(H6) -> 0 | I5: =IF(OR(H5="",G5=0),"",H5/G5)
B6: Prestations de services | C6: =Budget_analytique!D50 -> 0 | D6: =Budget_analytique!$I$50 -> 0 | E6: =IF(OR(D6="",C6=0),"",D6/C6) | F6: autofinancement porteur | G6: =Budget_analytique!E121 -> 0 | H6: =Budget_analytique!F121 -> 0 | I6: =IF(OR(H6="",G6=0),"",H6/G6)
B7: Achat matières et fournitures | C7: =Budget_analytique!$C$59:$E$59-Budget_analytique!$D$50-Budget_analytique!$E$49 -> 0 | D7: =Budget_analytique!H59-Budget_analytique!I50-Budget_analytique!J49 -> 0 | E7: =IF(OR(D7="",C7=0),"",D7/C7) | F7: 74. Subventions d'exploitation | G7: =SUM(G8:G26) -> 0 | H7: =SUM(H8:H26) -> 0 | I7: =IF(OR(H7="",G7=0),"",H7/G7)
B8: Autres fournitures | C8: 0 | D8: 0 | E8: =IF(OR(D8="",C8=0),"",D8/C8) | F8: État : préciser le(s) ministère(s) | G8: =Budget_analytique!E123 -> 0 | H8: =Budget_analytique!F123 -> 0 | I8: =IF(OR(H8="",G8=0),"",H8/G8)
B9: 61. Services extérieurs | C9: =SUM(C10:C14) -> 0 | D9: =SUM(D10:D14) -> 0 | E9: =IF(OR(D9="",C9=0),"",D9/C9) | I9: =IF(OR(H9="",G9=0),"",H9/G9)
B10: Locations immobilières et mobilières | E10: =IF(OR(D10="",C10=0),"",D10/C10) | I10: =IF(OR(H10="",G10=0),"",H10/G10)
B11: Entretien et réparation | E11: =IF(OR(D11="",C11=0),"",D11/C11) | F11: Région (s): | G11: =Budget_analytique!E124 -> 0 | H11: =Budget_analytique!F124 -> 0 | I11: =IF(OR(H11="",G11=0),"",H11/G11)
B12: Assurance | E12: =IF(OR(D12="",C12=0),"",D12/C12) | I12: =IF(OR(H12="",G12=0),"",H12/G12)
B13: Documentation | E13: =IF(OR(D13="",C13=0),"",D13/C13) | F13: Département(s) : | G13: =Budget_analytique!E125 -> 0 | H13: =Budget_analytique!F125 -> 0 | I13: =IF(OR(H13="",G13=0),"",H13/G13)
B14: Divers | E14: =IF(OR(D14="",C14=0),"",D14/C14) | F14: CFPPA : | G14: =Budget_analytique!E126 -> 0 | H14: =Budget_analytique!F126 -> 0 | I14: =IF(OR(H14="",G14=0),"",H14/G14)
B15: 62.Autres services extérieurs | C15: =SUM(C16:C20) -> 0 | D15: =SUM(D16:D20) -> 0 | E15: =IF(OR(D15="",C15=0),"",D15/C15) | F15: intercommunalité(s): EPCI* | G15: =Budget_analytique!E127 -> 0 | H15: =Budget_analytique!F127 -> 0 | I15: =IF(OR(H15="",G15=0),"",H15/G15)
B16: Rémunérations intermédiaires | C16: =Budget_analytique!$F$24+Budget_analytique!$F$97 -> 0 | D16: =Budget_analytique!$K$24+Budget_analytique!$L$97 -> 0 | E16: =IF(OR(D16="",C16=0),"",D16/C16) | I16: =IF(OR(H16="",G16=0),"",H16/G16)
B17: et honoraires | E17: =IF(OR(D17="",C17=0),"",D17/C17) | I17: =IF(OR(H17="",G17=0),"",H17/G17)
B18: Publicité, publication | C18: =Budget_analytique!$F$73 -> 0 | D18: =Budget_analytique!K73 -> 0 | E18: =IF(OR(D18="",C18=0),"",D18/C18) | F18: Commune(s) | G18: =Budget_analytique!E128 -> 0 | H18: =Budget_analytique!F128 -> 0 | I18: =IF(OR(H18="",G18=0),"",H18/G18)
B19: Déplacements, missions | C19: =Budget_analytique!$F$42 -> 0 | D19: =Budget_analytique!$K$42 -> 0 | E19: =IF(OR(D19="",C19=0),"",D19/C19) | I19: =IF(OR(H19="",G19=0),"",H19/G19)
B20: Services bancaires, autres | E20: =IF(OR(D20="",C20=0),"",D20/C20) | F20: Organismes sociaux (détailler) | G20: =Budget_analytique!E129 -> 0 | H20: =Budget_analytique!F129 -> 0 | I20: =IF(OR(H20="",G20=0),"",H20/G20)
B21: 63. lmpots et taxes | C21: =SUM(C22:C23) -> 0 | D21: =SUM(D22:D23) -> 0 | E21: =IF(OR(D21="",C21=0),"",D21/C21) | I21: =IF(OR(H21="",G21=0),"",H21/G21)
B22: lmpots et taxes sur rémunération | E22: =IF(OR(D22="",C22=0),"",D22/C22) | F22: Fonds européens | G22: =Budget_analytique!E130 -> 0 | H22: =Budget_analytique!F130 -> 0 | I22: =IF(OR(H22="",G22=0),"",H22/G22)
B23: Autres impôts et taxes | E23: =IF(OR(D23="",C23=0),"",D23/C23) | I23: =IF(OR(H23="",G23=0),"",H23/G23)
B24: 64. Charges de personnel | C24: =SUM(C25:C27) -> 0 | D24: =SUM(D25:D27) -> 0 | E24: =IF(OR(D24="",C24=0),"",D24/C24) | F24: Agence de service et de paiement (emplois aides) | G24: =Budget_analytique!E131 -> 0 | H24: =Budget_analytique!F131 -> 0 | I24: =IF(OR(H24="",G24=0),"",H24/G24)
B25: Rémunération des personnels | C25: =Budget_analytique!$F$26+Budget_analytique!$F$75+Budget_analytique!$C$89:$E$89+Budget_analytique!$F$99 -> 0 | D25: =Budget_analytique!K26+Budget_analytique!K75+Budget_analytique!L99+Budget_analytique!H89 -> 0 | E25: =IF(OR(D25="",C25=0),"",D25/C25) | F25: Autres établissements publics | G25: =Budget_analytique!E132 -> 0 | H25: =Budget_analytique!F132 -> 0 | I25: =IF(OR(H25="",G25=0),"",H25/G25)
B26: Charges sociales | E26: =IF(OR(D26="",C26=0),"",D26/C26) | F26: Aides privées | G26: =Budget_analytique!E133 -> 0 | H26: =Budget_analytique!F133 -> 0 | I26: =IF(OR(H26="",G26=0),"",H26/G26)
B27: Autres charges de personnel | C27: =Budget_analytique!$F$44 -> 0 | D27: =Budget_analytique!$K$44 -> 0 | E27: =IF(OR(D27="",C27=0),"",D27/C27) | F27: 75.Autres produits de gestion courante | G27: =SUM(G28) -> 0 | H27: =Budget_analytique!F134 -> 0 | I27: =IF(OR(H27="",G27=0),"",H27/G27)
B28: 65.Autres charges de gestion courante | E28: =IF(OR(D28="",C28=0),"",D28/C28) | F28: Dont cotisations, dons manuels ou legs | G28: =Budget_analytique!E135 -> 0 | H28: =Budget_analytique!F135 -> 0 | I28: =IF(OR(H28="",G28=0),"",H28/G28)
B29: 66. Charges financières | E29: =IF(OR(D29="",C29=0),"",D29/C29) | F29: 76. Produits financiers | G29: =Budget_analytique!E136 -> 0 | H29: =Budget_analytique!F136 -> 0 | I29: =IF(OR(H29="",G29=0),"",H29/G29)
B30: 67. Charges exceptionnelles | E30: =IF(OR(D30="",C30=0),"",D30/C30) | F30: 78. Reports, ressources non utilisées d’opérations antérieures | G30: =Budget_analytique!E137 -> 0 | H30: =Budget_analytique!F137 -> 0 | I30: =IF(OR(H30="",G30=0),"",H30/G30)
B31: 68. Dotation aux amortissements | E31: =IF(OR(D31="",C31=0),"",D31/C31) | I31: =IF(OR(H31="",G31=0),"",H31/G31)
B32: Charges indirectes affectées a l'action
B33: Charges fixes de fonctionnement | C33: =Budget_analytique!$F$75+Budget_analytique!$C$89 -> 0 | D33: =Budget_analytique!$K$75+Budget_analytique!$H$89 -> 0 | E33: =IF(OR(D33="",C33=0),"",D33/C33) | I33: =IF(OR(H33="",G33=0),"",H33/G33)
B34: Frais financiers | E34: =IF(OR(D34="",C34=0),"",D34/C34) | I34: =IF(OR(H34="",G34=0),"",H34/G34)
B35: Autres | E35: =IF(OR(D35="",C35=0),"",D35/C35) | I35: =IF(OR(H35="",G35=0),"",H35/G35)
B36: Total des charges | C36: =C5+C9+C15+C21+C24+C28+C29+C30+C31++C33+C34+C35 -> 0 | D36: =D5+D9+D15+D21+D24+D28+D29+D30+D31++D33+D34+D35 -> 0 | E36: 0.6029 | F36: Total des produits | G36: =G5+G7+G27 -> 0 | H36: =H5+H7+H27 -> 0 | I36: =IF(OR(H36="",G36=0),"",H36/G36)
B37: CONTRIBUTIONS VOLONTAIRES
B38: 86. Emplois des contributions volontaires en nature | C38: =SUM(C39:C41) -> 0 | D38: =SUM(D39:D41) -> 0 | E38: =IF(OR(D38="",C38=0),"",D38/C38) | F38: 87. Contributions volontaires en nature | G38: =SUM(G39:G41) -> 0 | H38: =SUM(H39:H41) -> 0 | I38: =IF(OR(H38="",G38=0),"",H38/G38)
B39: Secours en nature | E39: =IF(OR(D39="",C39=0),"",D39/C39) | F39: Bénévolat | I39: =IF(OR(H39="",G39=0),"",H39/G39)
B40: Mise a disposition gratuite de biens et prestations | C40: =Budget_analytique!E49 -> 0 | D40: =Budget_analytique!J49 -> 0 | E40: =IF(OR(D40="",C40=0),"",D40/C40) | F40: Prestations en nature | G40: =Budget_analytique!$F$61 -> 0 | H40: =Budget_analytique!$F$61 -> 0 | I40: =IF(OR(H40="",G40=0),"",H40/G40)
B41: Personnel bénévole | C41: =Budget_analytique!$F$28+Budget_analytique!$F$46+Budget_analytique!$F$77+Budget_analytique!$F$101 -> 0 | D41: =Budget_analytique!F28+Budget_analytique!F46+Budget_analytique!F77+Budget_analytique!F101 -> 0 | E41: =IF(OR(D41="",C41=0),"",D41/C41) | F41: Dons en nature | I41: =IF(OR(H41="",G41=0),"",H41/G41)
B42: TOTAL contribution + bénévolat | C42: =C36+C38 -> 0 | D42: =D36+D38 -> 0 | E42: =IF(OR(D42="",C42=0),"",D42/C42) | F42: TOTAL contribution + bénévolat | G42: =G36+G38 -> 0 | H42: =H36+H38 -> 0 | I42: =IF(OR(H42="",G42=0),"",H42/G42)
B43: Prévision | C43: ="La subvention CFPPA sollicitée de " & G14 &",00 €"& " Budget_analytique!objet de la présente demande représente " & TEXT(G14/G36,"0,00%") & " du total des produits du projet dont CVN (montant sollicité/total du budget)x100." -> #DIV/0!
B44: Réalisation | C44: ="La subvention CFPPA sollicitée de " & H14 &",00 €"& " objet de la présente demande représente " & TEXT(H14/H36,"0,00%") & " du total des produits du projet dont CVN (montant sollicité/total du budget)x100." -> #DIV/0!
B45: * Catégories d’établissements publics de coopération intercommunale (EPCI) a fiscalité propre : communauté de communes, communauté d’agglomération, communauté urbaine

Sheet liste_déroulante
D1: Ressources internes | F1: Prestataire
D2: Ressources externes
D3: Bénévole
